 Dungeon Crawl Stone Soup version 0.22-a0-348-gd16d139 (webtiles) character file.

43 Amnesiac the Conjurer (level 3, -1/25 HPs)
             Began as a Mummy Conjurer on Apr 10, 2018.
             Slain by a hound (2 damage)
             ... on level 2 of the Dungeon.
             The game lasted 00:01:17 (1021 turns).

Amnesiac the Conjurer (Mummy Conjurer)              Turns: 1021, Time: 00:01:18

Health: -1/25      AC:  6    Str: 11    XL:     3   Next: 37%
Magic:  6/8        EV: 10    Int: 15    God:
Gold:   86         SH:  0    Dex: 12    Spells: 6/9 levels left

rFire    . . .     SeeInvis .   f - +0 mace
rCold    + . .     Gourm    .   (no shield)
rNeg     + + +     Faith    .   d - +1 ring mail {rF+}
rPois    ∞         Spirit   .   (no helmet)
rElec    .         Reflect  .   (no cloak)
rCorr    .         Harm     .   (no gloves)
MR       .....                  (no boots)
Stlth    +.........             (no amulet)
HPRegen  0.08/turn              (no ring)
MPRegen  0.11/turn              (no ring)

@: no status effects
A: no food or potions, fire vulnerability, cold resistance 1, negative energy
resistance 3, torment resistance, unbreathing
a: no special abilities


You were on level 2 of the Dungeon.
You were not hungry.

You visited 1 branch of the dungeon, and saw 2 of its levels.

You collected 86 gold pieces.

Inventory:

Hand Weapons
 f - a +0 mace (weapon)
Armour
 a - a +0 robe
 d - a +1 ring mail of fire resistance (worn)
Jewellery
 g - an uncursed ring of flight {unknown}
Scrolls
 b - a scroll of teleportation {!r, unknown}
 c - 4 scrolls of identify {!r, unknown}
 e - 2 scrolls of immolation {!r, unknown}
 h - a scroll of blinking {!r, unknown}


   Skills:
 + Level 0.9 Fighting
 * Level 1.8 Dodging
 - Level 1.5 Stealth
 + Level 3.6 Spellcasting
 * Level 3.6 Conjurations


You had 6 spell levels left.
You knew the following spells:

 Your Spells              Type           Power        Failure   Level  Hunger
a - Magic Dart            Conj           ##..         10%         1    N/A
e - Searing Ray           Conj           ##....       16%         2    N/A

Dungeon Overview and Level Annotations

Branches:
Dungeon (2/15)

Altars:


Innate Abilities, Weirdness & Mutations

You do not eat or drink.
Your flesh is vulnerable to fire.
You are immune to poison.
Your flesh is cold resistant. (rC+)
You are immune to negative energy. (rN+++)
You are immune to unholy pain and torment.
You can survive without breathing.


Message History

You closely miss the giant cockroach. The giant cockroach bites you.
You hit the giant cockroach.
The giant cockroach is heavily wounded.
The giant cockroach barely misses you. The giant cockroach bites you.
You hit the giant cockroach but do no damage.
The giant cockroach is heavily wounded.
The giant cockroach bites you.
The giant cockroach bites you but does no damage.
You hit the giant cockroach.
The giant cockroach is almost dead.
The giant cockroach bites you but does no damage.
You hit the giant cockroach.
You kill the giant cockroach!
The adder bites you but does no damage.
You closely miss the adder.
The adder is severely wounded.
The adder closely misses you. The adder bites you.
You miss the adder.
The adder is severely wounded.
The adder bites you but does no damage. The adder bites you.
You closely miss the adder.
The adder is severely wounded.
The adder bites you but does no damage. The adder completely misses you.
You barely miss the adder.
The adder is severely wounded.
The adder barely misses you.
You hit the adder.
You kill the adder!
The hound bites you.
* * * LOW HITPOINT WARNING * * *
You barely miss the hound. The hound closely misses you.
The hound barely misses you.
You hit the hound.
The hound is moderately wounded.
The hound pauses to sniff the ground.
The hound bites you but does no damage. x2
You hit the hound but do no damage.
The hound is moderately wounded.
The hound bites you.
* * * LOW HITPOINT WARNING * * *
The hound bites you but does no damage.
You miss the hound.
The hound is moderately wounded.
The hound bites you.
* * * LOW HITPOINT WARNING * * *
The hound barely misses you.
Casting: Magic Dart (safe; 10% risk of failure)
Confirm with . or Enter, or press ? or * to list all spells.
Aiming: Magic Dart (safe; 10% risk of failure)
Press: ? - help, Shift-Dir - straight line, f - hound
Aim: a hound (moderately wounded)
The magic dart hits the hound.
The hound is moderately wounded.
The hound bites you but does no damage. The hound bites you.
* * * LOW HITPOINT WARNING * * *
Casting: Magic Dart (safe; 10% risk of failure)
Confirm with . or Enter, or press ? or * to list all spells.
Aiming: Magic Dart (safe; 10% risk of failure)
Press: ? - help, Shift-Dir - straight line, f/p - hound
Aim: a hound (moderately wounded)
The magic dart hits the hound.
The hound is moderately wounded.
The hound bites you.
You die...

=.#.. ..#.).#..#..#........
#..#...###.....###...#..#####
#....[#..#.....#..#.....#
.....#...#.....#...#....#
........#.#...#.#.......#
.......#...#.#...#......#
.(........h..)!.....%..##
.......#..####..########
...#.#.#...h@..## ..
#...#.####### . ##..#.#
#..#.# #.# #. #.


You could see a hound.

Vanquished Creatures
  An adder (D:2)
  A worm (D:2)
  2 dart slugs (D:1)
  5 bats
  2 giant cockroaches (D:2)
  3 goblins (D:1)
  3 hobgoblins (D:1)
  A kobold (D:1)
  A quokka (D:2)
  8 rats (D:1)
27 creatures vanquished.

Notes
Turn   | Place    | Note
-------+----------+-------------------------------------------
     0 | D:1      | Amnesiac the Mummy Conjurer began the quest for the Orb.
     0 | D:1      | Reached XP level 1. HP: 13/13 MP: 4/4
   278 | D:1      | Reached XP level 2. HP: 17/19 MP: 3/6
   282 | D:1      | Learned a level 2 spell: Searing Ray
   948 | D:2      | Reached XP level 3. HP: 23/25 MP: 8/8
  1020 | D:2      | HP: 1/25 [hound (4)]
  1021 | D:2      | Slain by a hound

Vault maps used:
D:1:      dpeg_arrival_refuge, item_on_display_a
D:2:      lemuel_crystal_altar, zin_academy, minmay_splitting_lines

Skill      XL: |  1 |
---------------+----+-----
Spellcasting   | 3 |  3.6
Fighting       | |  0.9
Dodging        | |  1.8
Stealth        | |  1.5
Conjurations   | |  3.6

Action                   || total
-------------------------++-------
Melee: Unarmed           ||     5
       Mace              ||    37
 Cast: Magic Dart        ||    39
Armor: Ring mail         ||    26
Dodge: Dodged            ||    33

Table legend:
 A = Spawn XP
 B = Non-spawn XP
 C = Spawn XP percentage of total XP
 D = Spawn monster count
 E = Non-spawn monster count
 F = Spawn count percentage of total count
 G = Total turns spent on level
                    A         B        C        D         E        F      G
               +---------+---------+-------+---------+---------+-------+---------
         Total |       0 |      62 |   0.0 |       0 |      27 |   0.0 |  1021
               +---------+---------+-------+---------+---------+-------+---------
           D:1 |       0 |      36 |   0.0 |       0 |      21 |   0.0 |   924
           D:2 |       0 |      26 |   0.0 |       0 |       6 |   0.0 |    97
               +---------+---------+-------+---------+---------+-------+---------
